 Seeded DCSS version 0.29.1-12-g30fa7ad0bf (webtiles) character file.

Game seed: 6447096713874630857 (custom seed)

674 kingsuperguy the Skirmisher (level 7, -1/57 HPs)
             Began as a Minotaur Hunter on Dec 14, 2022.
             Slain by a black bear (8 damage)
             ... on level 4 of the Dungeon.
             The game lasted 00:04:28 (3069 turns).

kingsuperguy the Skirmisher (Minotaur Hunter)       Turns: 3069, Time: 00:04:29

Health: -1/57      AC:  4    Str: 16    XL:     7   Next: 33%
Magic:  6/6        EV: 12    Int:  6    God:
Gold:   180        SH:  0    Dex: 15    Spells: 6/6 levels left

rFire   . . .      SeeInvis .   a - +0 shortbow
rCold   . . .      Faith    .   (shield currently unavailable)
rNeg    . . .      Spirit   .   c - +0 leather armour
rPois   .          Reflect  +   (helmet restricted)
rElec   .          Harm     .   n - +0 cloak
rCorr   .          Rampage  .   (no gloves)
Will    .....                   (no boots)
Stlth   +.........              w - amulet of reflection
HPRegen 0.19/turn               (no ring)
MPRegen 0.10/turn               (no ring)

@: confused, ambrosia-drunk
A: horns 2, retaliatory headbutt
a: no special abilities


You were on level 4 of the Dungeon.
You visited 1 branch of the dungeon, and saw 4 of its levels.

You collected 180 gold pieces.

Inventory:

Hand Weapons
 a - a +0 shortbow (weapon)
Missiles
 o - a throwing net
Armour
 c - a +0 leather armour (worn)
 n - a +0 cloak (worn)
 t - +0 pearl dragon scales
Jewellery
 m - a ring of wizardry
 p - an amulet of the acrobat
 v - an amulet of regeneration
 w - an amulet of reflection (around neck)
Scrolls
 b - a scroll of immolation
 d - 5 scrolls of teleportation {unknown}
 e - a scroll of acquirement {unknown}
 h - 2 scrolls of amnesia {unknown}
 j - a scroll of torment {unknown}
 k - 2 scrolls of blinking {unknown}
 l - 2 scrolls of vulnerability {unknown}
 r - a scroll of magic mapping {unknown}
 u - 2 scrolls of poison {unknown}
 x - a scroll of identify {unknown}
 y - 3 scrolls of enchant weapon {unknown}
Potions
 f - a potion of mutation {unknown}
 i - a potion of might
 q - a potion of brilliance {unknown}
 s - a potion of curing {unknown}


   Skills:
 + Level 3.6 Fighting
 + Level 8.9 Ranged Weapons
 + Level 2.3 Armour
 + Level 2.7 Dodging
 + Level 1.1 Stealth
 + Level 1.0 Shields


You had 6 spell levels left.
You didn't know any spells.
Your spell library was empty.

Dungeon Overview and Level Annotations

Branches:
Dungeon (4/15)
 Temple: D:4-7

Altars:

Shops:
D:3 [


Innate Abilities, Weirdness & Mutations

You have a pair of horns on your head.
You reflexively headbutt those who attack you in melee.


Message History

Press: ? - help, Q - select action, (/) - cycle Shift-Dir - straight line, f/p - orc
Aim: an orc, wielding a +0 war axe (heavily wounded, 64% to hit)
You shoot an arrow. The arrow completely misses the orc.
The arrow hits the black bear but does no damage.
The black bear is severely wounded.
The orc hits you with a +0 war axe!
Fire: a) +0 shortbow
Press: ? - help, Q - select action, (/) - cycle Shift-Dir - straight line, f/p - orc
Aim: an orc, wielding a +0 war axe (heavily wounded, 64% to hit)
You shoot an arrow. The arrow closely misses the orc.
The orc closely misses you. The black bear barely misses you.
The black bear claws you but does no damage.
The black bear closely misses you.
The black bear bites you but does no damage.
The black bear claws you. x2; You block the orc's attack.
Fire: a) +0 shortbow
Press: ? - help, Q - select action, (/) - cycle Shift-Dir - straight line, p - orc You shoot an arrow.
The black bear bites you! The black bear barely misses you.
The black bear claws you but does no damage.
The orc hits you with a +0 war axe. The black bear bites you!
* * * LOW HITPOINT WARNING * * *
The black bear claws you.
* * * LOW HITPOINT WARNING * * *
The black bear claws you but does no damage.
It was a potion of ambrosia.
You are confused.
You feel invigorated. The black bear bites you.
* * * LOW HITPOINT WARNING * * *
The black bear closely misses you. The black bear claws you.
* * * LOW HITPOINT WARNING * * *
You bump into the rock wall.
The black bear closely misses you. The black bear claws you.
* * * LOW HITPOINT WARNING * * *
The black bear barely misses you. The orc misses you. The black bear bites you.
* * * LOW HITPOINT WARNING * * *
The black bear closely misses you. The black bear barely misses you.
You bump into the rock wall.
The black bear bites you!
You die...

##### #...# ##### #
#####...###.... )
..#......))).)) .###
#.#......)))...
.#.###.#......)#....
#....#.###...###....
#.##.#.......# ###.#
#.o@..^......# #.#
#†h#.........# #.#
#......)###.#####.#
#.# #.##.##)# #.#
#.# .# # #.# #.. #.#
#)# #.## #.# ... #.#
.# ... .# ...


You could see a black bear (berserk) and an orc.

Vanquished Creatures
  Pikel (D:4)
  A lemure (D:4)
  An orc priest (D:4)
  An orc wizard (D:4)
  10 gnolls (D:4)
  2 adders
  3 worms
  A dart slug (D:1)
  12 orcs (D:4)
  5 ball pythons
  7 bats
  6 endoplasms
  3 giant cockroaches
  2 goblins
  4 hobgoblins
  2 quokkas (D:2)
  A frilled lizard (D:2)
  10 kobolds
  4 rats
76 creatures vanquished.

Notes
Turn   | Place    | Note
-------+----------+-------------------------------------------
     0 | D:1      | kingsuperguy the Minotaur Hunter began the quest for the
                  | Orb.
     0 | D:1      | Reached XP level 1. HP: 18/18 MP: 0/0
    82 | D:1      | Found a faded altar of an unknown god.
   145 | D:1      | Reached skill level 1 in Stealth
   253 | D:1      | Reached XP level 2. HP: 25/25 MP: 1/1
   332 | D:1      | Reached skill level 5 in Ranged Weapons
  1169 | D:2      | Reached XP level 3. HP: 30/30 MP: 2/2
  1871 | D:3      | Found Maydox's Armour Shop.
  1878 | D:3      | Reached skill level 1 in Armour
  2166 | D:4      | Reached XP level 4. HP: 37/37 MP: 3/3
  2178 | D:4      | Reached skill level 6 in Ranged Weapons
  2401 | D:4      | Noticed a lemure
  2409 | D:4      | Killed a lemure
  2412 | D:4      | Noticed a lemure
  2413 | D:4      | Noticed Pikel
  2415 | D:4      | Noticed a lemure
  2420 | D:4      | Noticed a lemure
  2451 | D:4      | Killed Pikel
  2452 | D:4      | Reached skill level 8 in Ranged Weapons
  2452 | D:4      | Reached skill level 1 in Shields
  2452 | D:4      | Reached XP level 5. HP: 16/45 MP: 4/4
  2452 | D:4      | Reached XP level 6. HP: 19/51 MP: 5/5
  2491 | D:4      | Reached XP level 7. HP: 19/57 MP: 6/6
  3068 | D:4      | HP: 2/57 [black bear (6)]
  3069 | D:4      | Slain by a black bear

Illustrated notes

Levels and vault maps discovered:
D:1:      dpeg_arrival_windows_large_door, layout_basic,
          shapermc_ecumenical_altar_venn, minmay_vboxes
D:2:      layout_basic
D:3:      layout_rooms, serial_shops, nicolae_shop_stone
D:4:      layout_loops_ring, uniq_pikel

Skill      XL: |  1  2  3  4 |
---------------+-------------+-----
Stealth        | 1 |  1.1
Ranged Weapons | 5 8 |  8.9
Armour         | 1 2 |  2.3
Fighting       | 3 |  3.6
Shields        | 1 |  1.0
Dodging        | |  2.7

Action                   |  1- 3 |  4- 6 |  7- 9 || total
-------------------------+-------+-------+-------++-------
Melee: Shortbow          |       |       |     1 ||     1
       Headbutt          |       |       |     1 ||     1
 Fire: Shortbow          |   116 |    59 |    89 ||   264
  Use: Potion            |       |     1 |     2 ||     3
Armor: Leather armour    |     6 |     4 |     9 ||    19
Dodge: Dodged            |    20 |    19 |    18 ||    57
Block: Other             |     1 |    12 |     4 ||    17
       Reflection        |     1 |     1 |     1 ||     3
